AoeStats
← Perro

Arabia

509535976Analyzed
2v2 RM · 6d ago on Sep 27, 2026· 21m 12s· 4 players
Game mode
Random Map
Map size
Medium (4 player)
Population
200
Speed
Normal
Resources
Standard
Victory
Conquest
Starting age
Dark Age
Ending age
Imperial Age
RankedLock teamsTeams togetherTeam positionsShared explorationLock speedFull tech treeHidden civsTurbo modeCheats
Victory
Defeat
🇦🇷 Ethiopians · Argentina
796
+18
🇦🇷 Byzantines · Argentina
793
+19
🇺🇸 Teutons · United States
852
-18
🇦🇷 Britons · Argentina
849
-19
4cam10
0:38 Loom
12:54 Feudal Age
13:47 Double-Bit Axe
13:54 Town Watch
15:12 Bloodlines
17:05 Arson
19:08 Man-at-Arms
19:34 Arson
20:34 Scale Barding Armor
20:55 Horse Collar
慢即是快.
Mapache
18:41 Feudal Age
16:59 Loom
18:45 Man-at-Arms
20:14 Wheelbarrow
19:22 Horse Collar
19:43 Arson
21:18 Scale Mail Armor
Perro
2:00 Loom
12:15 Feudal Age
15:56 Wheelbarrow
15:31 Fletching
17:11 Town Watch
Connection lost

Rejoining the realm…

Still unreachable

The connection could not be restored.

Session expired

The server has moved on; the page needs a fresh start.